 Dungeon Crawl Stone Soup version 0.31-a0-819-gf6de2f5ab6 (webtiles) character file.

Game seed: 1550003976438300633

11 Kurtz the Shield-Bearer (level 2, -3/21 HPs)
             Began as an Octopode Fighter on Sept 23, 2023.
             Killed from afar by a dart slug (4 damage)
             ... with a slug dart
             ... on level 1 of the Dungeon.
             The game lasted 00:00:05 (50 turns).

Kurtz the Shield-Bearer (Octopode Fighter)            Turns: 50, Time: 00:00:06

Health: -3/21      AC:  1    Str: 15    XL:     2   Next: 29%
Magic:  2/2        EV: 13    Int: 10    God:
Gold:   0          SH:  4    Dex: 11    Spells: 1/1 levels left

rFire   . . .        a - +0 war axe
rCold   . . .        b - +0 buckler
rNeg    . . .        (helmet restricted)
rPois   .            (no amulet)
rElec   .            (no ring)
rCorr   .            (no ring)
SInv    .            (no ring)
Will    .....        (no ring)
Stlth   ++           (no ring)
HPRegen 0.23/turn    (no ring)
MPRegen 0.08/turn    (no ring)
                     (no ring)

%: no passive effects
@: no status effects
A: almost no armour, amphibious, 8 rings, camouflage 1, gelatinous body 1,
(nimble swimmer 1), tentacles
a: no special abilities


You were on level 1 of the Dungeon.
You visited 1 branch of the dungeon, and saw 1 of its levels.

Inventory:

Hand Weapons
 a - a +0 war axe (weapon)
Armour
 b - a +0 buckler (worn)
Potions
 c - a potion of might


   Skills:
 - Level 3.0 Fighting
 * Level 2.9 Axes
 - Level 3.0 Dodging
 - Level 3.0 Shields


You had one spell level left.
You didn't know any spells.
Your spell library contained the following spells:

 Spells                   Type           Power      Damage    Failure   Level
 Foxfire                  Conj/Fire      0%         2x1d4     45%         1
 Plasma Beam              Fire/Air       0%         2x1d10    100%        6
 Starburst                Conj/Fire      0%         6d3       100%        6


Dungeon Overview and Level Annotations

Branches:
Dungeon (1/15)

Altars:


Innate Abilities, Weirdness & Mutations

You cannot wear most types of armour.
You are amphibious.
You can wear up to eight rings at the same time.
Your skin changes colour to match your surroundings (Stealth+).
Your rubbery body absorbs attacks. (AC +1, EV +1)
((You are camouflaged when in or above water. (Stealth+)))
You have tentacles for arms and can constrict up to eight enemies at once.


Message History

You closely miss the jackal. You grab the jackal. You closely miss the jackal.
You constrict the jackal.
A bat comes into view.
The jackal barely misses you. You block the jackal's attack.
The jackal bites you but does no damage.
The jackal bites you. The giant cockroach bites you.
You barely miss the jackal.
The jackal is lightly wounded.
You hit the jackal. You hit the giant cockroach. You constrict the jackal.
The jackal bites you.
* * * LOW HITPOINT WARNING * * *
The jackal closely misses you. The jackal bites you.
* * * LOW HITPOINT WARNING * * *
The jackal bites you.
* * * LOW HITPOINT WARNING * * *
The giant cockroach bites you but does no damage.
The jackal misses you.
You barely miss the jackal. You squeeze the jackal.
You kill the jackal!
You closely miss the jackal. You hit the giant cockroach.
You kill the giant cockroach!
The jackal closely misses you. The bat barely misses you.
The jackal bites you but does no damage.
The jackal bites you.
* * * LOW HITPOINT WARNING * * *
The bat hits you but does no damage.
A dart slug comes into view.
The jackal misses you.
An endoplasm comes into view.
You see here a hobgoblin corpse.
You closely miss the jackal.
The endoplasm quivers.
You grab the jackal. You squeeze the jackal.
You kill the jackal!
You hit the bat.
You kill the bat!
Unknown command.
The dart slug launches a dart at you. The slug dart hits you.
You die...

##...## .......#
##.....## .......
##.......## #.....#
###.........####.....##
.'.....<.....+........#
.#####...######.......#..
.# ##.##...##.)).....[.
## #.# #..# #!†.....w.
.## #.###..###@†.....?.
..### #.#.....#..###.....
#...###+#.##..#..# ....
###..##...##....## ...
##....####....# .. ######
##..## . #..# #.## #.#


You could see a dart slug.

Vanquished Creatures
  A giant cockroach (D:1)
  A hobgoblin (D:1)
  4 jackals (D:1)
  A kobold (D:1)
  A bat (D:1)
  2 rats (D:1)
10 creatures vanquished.

Notes
Turn   | Place    | Note
-------+----------+-------------------------------------------
     0 | D:1      | Kurtz the Octopode Fighter began the quest for the Orb.
     0 | D:1      | Reached XP level 1. HP: 16/16 MP: 1/1
    45 | D:1      | Reached XP level 2. HP: 9/21 MP: 2/2
    48 | D:1      | HP: 1/21 [jackal (3)]
    50 | D:1      | Killed from afar by a dart slug

Illustrated notes

Levels and vault maps discovered:
D:1:      mrwooster_arrival_arrow, layout_rooms,
          hellmonk_ecumenical_altar_slurped_away, serial_bayou_pond_e,
          minmay_cupped

Action                     || total
---------------------------++-------
  Melee: War axe           ||    11
         Constrict         ||     5
         Tentacles         ||     3
 Armour: Skin              ||    17
  Dodge: Dodged            ||    13
  Block: Buckler           ||     3

Table legend: (Time is in decaauts)
 A = Elapsed time spent in this place.
 B = Non-inter-level travel time spent in this place.
 C = Inter-level travel time spent in this place.
 D = Time resting spent in this place.
 E = Time spent auto-exploring this place.
 F = Levels seen in this place.
 G = Mean time per level.
                   A        B        C        D        E       F      G
               +--------+--------+--------+--------+--------+-----+--------+
         Total |     54 |     54 |      0 |      0 |     32 |   1 |   54.0 |
       Dungeon |     54 |     54 |      0 |      0 |     32 |   1 |   54.0 |
               +--------+--------+--------+--------+--------+-----+--------+

Top non-repeatable levels by time:
     D:1: 54 daAuts
